 Dungeon Crawl Stone Soup version 0.21-a0-442-g848f44b (webtiles) character file.

119 slep the Skirmisher (level 4, 0/40 HPs)
             Began as a Minotaur Wanderer on Nov 16, 2017.
             Killed by vampiric draining
             ... invoked by zazu2006's ghost
              (3 damage)
             ... on level 3 of the Dungeon.
             The game lasted 00:08:17 (1909 turns).

slep the Skirmisher (Minotaur Wanderer)             Turns: 1909, Time: 00:08:22

Health: 0/40       AC:  5    Str: 17    XL:     4   Next: 74%
Magic:  3/3        EV: 11    Int:  8    God:
Gold:   125        SH:  0    Dex: 11    Spells: 3/3 levels left

rFire    . . .     SeeInvis .   v - +0 dire flail
rCold    . . .     Gourm    .   (shield currently unavailable)
rNeg     . . .     Faith    .   s - +0 ring mail
rPois    .         Spirit   .   (helmet restricted)
rElec    .         Reflect  .   (no cloak)
rCorr    .         Harm     .   (no gloves)
MR       +....                  (no boots)
Stlth    +.........             (no amulet)
HPRegen  0.13/turn              u - ring of protection from magic
MPRegen  0.08/turn              (no ring)

@: lethally poisoned (0 -> -40)
A: retaliatory headbutt, horns 2
a: no special abilities


You were on level 3 of the Dungeon.
You were not hungry.

You visited 1 branch of the dungeon, and saw 3 of its levels.

You collected 125 gold pieces.

Inventory:

Hand Weapons
 e - a +0 club
 f - a +0 dagger
 t - a +0 mace
 v - a +0 dire flail (weapon)
Missiles
 h - 147 stones (quivered)
 x - 7 javelins
Armour
 d - a +0 robe
 r - a +0 leather armour
 s - a +0 ring mail (worn)
Jewellery
 u - a ring of protection from magic (left hand)
Scrolls
 j - 5 scrolls of remove curse {unknown}
 k - 2 scrolls of amnesia {unknown}
 l - 3 scrolls of identify {unknown}
 o - a scroll of noise {unknown}
Potions
 c - a potion of lignification
 i - 2 potions of curing {unknown}
 m - a potion of agility {unknown}
 p - a potion of cancellation {unknown}
 q - a potion of heal wounds {unknown}
 w - a potion of haste {unknown}
Books
 a - a book of Geomancy

   Spells                             Type                      Level
   a - Sandblast                      Earth                        1
   b - Passwall                       Transmutation/Earth          2
   c - Stone Arrow                    Conjuration/Earth            3
   d - Petrify                        Transmutation/Earth          4
   e - Lee's Rapid Deconstruction     Earth                        5
 b - the Grimoire of the Hills

   Spells                             Type                      Level
   a - Flame Tongue                   Conjuration/Fire             1
   b - Ignite Poison                  Fire/Transmutation/Poison    3
Comestibles
 g - a bread ration
 n - 2 meat rations


   Skills:
 + Level 4.1 Fighting
 + Level 1.1 Maces & Flails
 + Level 1.2 Throwing
 + Level 0.4 Armour
 + Level 1.7 Dodging
 + Level 2.5 Stealth
   Level 1.2 Charms
   Level 2.4 Earth Magic
   Level 1.0 Evocations


You had 3 spell levels left.
You didn't know any spells.

Dungeon Overview and Level Annotations

Branches:
Dungeon (3/15)

Altars:
Nemelex Xobeh
Qazlal
Ru

Annotations:
D:3 zazu2006's ghost, amateur DDNe


Innate Abilities, Weirdness & Mutations

You reflexively headbutt those who attack you in melee.
You have a pair of horns on your head.


Message History

You headbutt zazu2006's ghost! You puncture zazu2006's ghost!
Your headbutt misses zazu2006's ghost.
Zazu2006's ghost is severely damaged.
You feel very sick. Zazu2006's ghost hits you!
* * * LOW HITPOINT WARNING * * *
You are more poisoned.
You closely miss zazu2006's ghost. Your headbutt misses zazu2006's ghost.
Zazu2006's ghost is severely damaged.
* * * LOW HITPOINT WARNING * * *
You feel very sick.
Zazu2006's ghost hits you but does no damage.
You are more poisoned.
You miss zazu2006's ghost.
Zazu2006's ghost is severely damaged.
* * * LOW HITPOINT WARNING * * *
You feel very sick. Zazu2006's ghost barely misses you.
Zazu2006's ghost is infused with unholy energy.
You die...

#.#######..#...###.##
..# #.....#......#
##########..#......>.#
.≈......##..##.).....#
≈.≈≈≈.≈.##..<.........#
≈≈≈≈≈≈≈.##..##........#
≈≈≈≈≈≈≈.##..####...##.#
≈≈≈≈≈≈..##..# ...# .#
♣≈≈≈≈.W@..# #.##
._♣≈≈≈≈(###.# .#
..≈≈≈≈)†# #.# ..
≈≈≈≈≈≈.)# #.. ##
≈≈≈≈≈≈.$# ####
≈≈≈≈≈≈.≈. ≈≈≈≈..≈.##
...($.≈.# ###.#####


You could see zazu2006's ghost.

Vanquished Creatures
  5 adders
  An ooze (D:2)
  A worm (D:2)
  3 dart slugs
  2 leopard geckos (D:2)
  An orc (D:3)
  2 ball pythons (D:1)
  7 bats
  2 giant cockroaches
  4 goblins
  8 hobgoblins
  3 jackals (D:1)
  2 frilled lizards
  10 kobolds
  7 rats
58 creatures vanquished.

Notes
Turn   | Place    | Note
-------+----------+-------------------------------------------
     0 | D:1      | slep the Minotaur Wanderer began the quest for the Orb.
     0 | D:1      | slep set off with: a book of Geomancy, the Grimoire of the Hills, a potion of lignification, a +0 robe, a +0 club, a +0 dagger, a bread ration
     0 | D:1      | Reached XP level 1. HP: 18/18 MP: 0/0
    93 | D:1      | Reached skill level 3 in Fighting
   149 | D:1      | Reached XP level 2. HP: 18/26 MP: 1/1
   314 | D:1      | Found a sparkling altar of Nemelex Xobeh.
   596 | D:2      | Reached XP level 3. HP: 20/31 MP: 2/2
   952 | D:2      | Found a sacrificial altar of Ru.
   960 | D:2      | Reached skill level 1 in Dodging
   960 | D:2      | Reached XP level 4. HP: 20/40 MP: 3/3
  1001 | D:2      | Reached skill level 4 in Fighting
  1001 | D:2      | Reached skill level 1 in Throwing
  1659 | D:2      | Found a stormy altar of Qazlal.
  1786 | D:3      | Reached skill level 1 in Maces & Flails
  1893 | D:3      | Found a faded altar of an unknown god.
  1894 | D:3      | Noticed zazu2006's ghost (amateur DDNe)
  1909 | D:3      | Killed from afar by zazu2006's ghost

Vault maps used:
D:1:      lightli_arrival_quake, nemelex_diamond_rough_becter
D:2:      overflow_temple_1_default, lemuel_coloured_pillars_altar,
          serial_bayou_lagoon_a, kennysheep_generic_room_2
D:3:      chequers_ecumenical_altar_island, first_bread, uniq_sigmund

Skill      XL: |  1  2  3  4 |
---------------+-------------+-----
Fighting       | 3 4 |  4.1
Stealth        | 2 |  2.5
Dodging        | 1 |  1.7
Throwing       | 1 |  1.2
Maces & Flails | 1 |  1.1
Armour         | |  0.4
Charms         | |  1.2
Earth Magic    | |  2.4
Evocations     | |  1.0

Action                   |  1- 3 |  4- 6 || total
-------------------------+-------+-------++-------
Melee: Club              |    70 |     8 ||    78
       Headbutt          |    10 |     6 ||    16
       Mace              |       |    24 ||    24
       Dire flail        |       |    21 ||    21
Throw: Stone             |    11 |    13 ||    24
 Stab: Sleeping          |     2 |     1 ||     3
  Eat: Chunk             |       |     3 ||     3
Armor: Robe              |    22 |       ||    22
       Ring mail         |       |    16 ||    16
       Leather armour    |       |     1 ||     1
Dodge: Dodged            |    49 |    30 ||    79

Table legend:
 A = Spawn XP
 B = Non-spawn XP
 C = Spawn XP percentage of total XP
 D = Spawn monster count
 E = Non-spawn monster count
 F = Spawn count percentage of total count
 G = Total turns spent on level
                    A         B        C        D         E        F      G
               +---------+---------+-------+---------+---------+-------+---------
         Total |       0 |     171 |   0.0 |       0 |      58 |   0.0 |  1909
               +---------+---------+-------+---------+---------+-------+---------
           D:1 |       0 |      38 |   0.0 |       0 |      22 |   0.0 |   580
           D:2 |       0 |     102 |   0.0 |       0 |      25 |   0.0 |  1150
           D:3 |       0 |      31 |   0.0 |       0 |      11 |   0.0 |   179
               +---------+---------+-------+---------+---------+-------+---------
